 Dungeon Crawl Stone Soup version 0.26.0-16-gc1dbca0489 (webtiles) character file.

Game seed: 9430674346747971937

410 Majorwet the Chopper (level 6, -2/53 HPs)
             Began as a Hill Orc Fighter on Jan 19, 2021.
             Was a Follower of Okawaru.
             Slain by an ogre
             ... wielding a +0 giant club
              (15 damage)
             ... on level 4 of the Dungeon.
             The game lasted 00:11:41 (4044 turns).

Majorwet the Chopper (Hill Orc Fighter)             Turns: 4044, Time: 00:11:42

Health: -2/53      AC:  7    Str: 20    XL:     6   Next: 89%
Magic:  0/6        EV:  7    Int:  8    God:    Okawaru [*.....]
Gold:   194        SH:  9    Dex: 11    Spells: 5/5 levels left

rFire    + . .     SeeInvis .   a - +0 war axe
rCold    x . .     Faith    .   c - +0 kite shield
rNeg     . . .     Spirit   +   b - +0 scale mail
rPois    .         Reflect  .   (no helmet)
rElec    .         Harm     .   (no cloak)
rCorr    .         Rampage  .   (no gloves)
Will     .....                  (no boots)
Stlth    +.........             l - amulet of guardian spirit
HPRegen  0.17/turn              g - ring of fire
MPRegen  0.10/turn              j - ring of stealth

@: no status effects
A: no striking features
a: Renounce Religion, Convert to Beogh, Heroism


You were on level 4 of the Dungeon.
You worshipped Okawaru.
Okawaru was aware of your devotion.
You visited 1 branch of the dungeon, and saw 4 of its levels.

You collected 194 gold pieces.

Inventory:

Hand Weapons
 a - a +0 war axe (weapon)
 s - a +0 broad axe
 t - a cursed +0 mace
 u - a +3 quarterstaff of chaos
Missiles
 k - 6 poisoned darts (quivered)
Armour
 b - a +0 scale mail (worn)
 c - a +0 kite shield (worn)
 v - a +0 cloak
Jewellery
 g - a ring of fire (left hand)
 j - a ring of stealth (right hand)
 l - an amulet of guardian spirit (around neck)
Scrolls
 e - a scroll of immolation {unknown}
 f - 2 scrolls of magic mapping {unknown}
 h - 3 scrolls of teleportation {unknown}
 i - 3 scrolls of remove curse {unknown}
 n - a scroll of fear {unknown}
 o - a scroll of enchant armour {unknown}
 q - a scroll of identify {unknown}
 r - a scroll of noise {unknown}
Potions
 d - 3 potions of might
 m - 2 potions of resistance {unknown}
 p - 2 potions of curing
 w - a potion of berserk rage {unknown}


   Skills:
 + Level 4.6 Fighting
 * Level 7.2 Axes
 + Level 4.5 Armour
 + Level 0.1 Stealth
 + Level 4.1 Shields


You had 5 spell levels left.
You didn't know any spells.
Your spell library was empty.

Dungeon Overview and Level Annotations

Branches:
Dungeon (4/15)
 Temple: D:4-7

Altars:
Gozag
Makhleb
Nemelex Xobeh
Okawaru
Qazlal
Uskayaw
Vehumet

Annotations:
D:3 2 transporters, happy's ghost, amateur VSAM


Message History

The orc wizard casts a spell.
The orc wizard blinks!
A gnoll comes into view. It is wielding a +0 spear.
The ogre hits you with a +0 giant club!
The orc priest mumbles some strange prayers to Beogh against you.
Pain shoots through your body!
The orc wizard gestures at you while chanting.
You are confused.
You bump into the rock wall.
You feel less confused.
The orc wizard points at you and mumbles some strange words.
The magic dart hits you. The ogre hits you with a +0 giant club!
* * * LOW HITPOINT WARNING * * *
The orc priest calls down the wrath of Beogh upon you.
Beogh smites you!
* * * LOW HITPOINT WARNING * * *
You hear a shout!
It was a potion of curing.
You feel better. The ogre barely misses you.
The ogre hits you with a +0 giant club!
You die...

.. . ... ..#... ##.##. .#...
......# #..#.. .....
#....##......##....##.... ..
....##..........#.....# g ..
#....#.........##....# #.. ...
#............#.##....#.... ...
#.....##.....#.oog........
...##.......#...@...##.....##
............#....O.......$..#
.....##<.....[..#...........#
............#.#.#.#...#.....#
..................#...........
.......†..........#...........
..............................
##..................#.........
##.................###.....#


You could see an ogre, an orc priest, an orc wizard and a gnoll.

Vanquished Creatures
  A scorpion (D:4)
  A hound (D:3)
  An orc priest (D:3)
  Crazy Yiuf (D:3)
  Jessica (D:3)
  4 worker ants
  4 gnolls (D:3)
  4 adders
  3 worms
  A dart slug (D:3)
  4 orcs
  5 giant cockroaches
  11 hobgoblins
  7 jackals
  4 bats
  4 frilled lizards
  5 goblins
  10 kobolds
  7 rats
78 creatures vanquished.

Notes
Turn   | Place    | Note
-------+----------+-------------------------------------------
     0 | D:1      | Majorwet the Hill Orc Fighter began the quest for the Orb.
     0 | D:1      | Reached XP level 1. HP: 19/19 MP: 1/1
   273 | D:1      | Reached XP level 2. HP: 22/27 MP: 2/2
   828 | D:2      | Reached skill level 3 in Axes
   836 | D:2      | Found an iron altar of Okawaru.
   836 | D:2      | Found a stormy altar of Qazlal.
   836 | D:2      | Found a sparkling altar of Nemelex Xobeh.
   843 | D:2      | Became a worshipper of Warmaster Okawaru
   922 | D:2      | Found an opulent altar of Gozag.
  1043 | D:2      | Reached XP level 3. HP: 33/33 MP: 3/3
  1922 | D:3      | Reached skill level 4 in Axes
  1922 | D:3      | Reached XP level 4. HP: 40/40 MP: 4/4
  1989 | D:3      | Noticed a sky beast
  1990 | D:3      | Found a transporter.
  1994 | D:3      | Noticed an orc warrior
  2000 | D:3      | Found a transporter.
  2003 | D:3      | Noticed happy's ghost (amateur VSAM)
  2186 | D:3      | Reached XP level 5. HP: 8/47 MP: 2/5
  2580 | D:3      | Reached skill level 5 in Axes
  2660 | D:3      | Found a burning altar of Makhleb.
  2727 | D:3      | Reached skill level 6 in Axes
  2805 | D:3      | Found a runed translucent door.
  2806 | D:3      | Noticed Crazy Yiuf
  2848 | D:3      | Noticed Jessica
  2852 | D:3      | Killed Jessica
  2852 | D:3      | Reached * piety under Okawaru
  2853 | D:3      | Reached XP level 6. HP: 53/53 MP: 6/6
  2901 | D:3      | Killed Crazy Yiuf
  3485 | D:4      | Found a radiant altar of Vehumet.
  3488 | D:4      | Found a hide-covered altar of Uskayaw.
  3935 | D:4      | Reached skill level 7 in Axes
  4042 | D:4      | HP: 2/53 [orc priest/divine providence (9)]
  4044 | D:4      | Slain by an ogre

Illustrated notes

Levels and vault maps discovered:
D:1:      dpeg_arrival_pond, layout_loops_ring
D:2:      layout_basic, grunt_gozag_breadcrumbs, gammafunk_temple_overflow_claw
D:3:      layout_basic, makhleb_blood_cavern_becter, gammafunk_ghost_arena,
          uniq_crazy_yiuf_cottage, uniq_jessica
D:4:      layout_cave_pools, chequers_temple_overflow_statue_of_worship,
          temple_green, serial_shops, shop

Skill      XL: |  1  2  3  4  5  6 |
---------------+-------------------+-----
Axes           | 3 4 6 7 |  7.2
Armour         | 4 |  4.5
Fighting       | 4 |  4.6
Shields        | 4 |  4.1
Stealth        | |  0.1

Action                   |  1- 3 |  4- 6 || total
-------------------------+-------+-------++-------
Melee: War axe           |    94 |   146 ||   240
  Use: Potion            |     1 |     1 ||     2
Armor: Scale mail        |    32 |    58 ||    90
Dodge: Dodged            |    20 |    42 ||    62
Block: Kite shield       |    54 |    70 ||   124
